 Seeded DCSS version 0.30.1-4-g462c640d31 (webtiles) character file.

Game seed: 6351066067085065685 (custom seed)

209 Esekla the Magician (level 5, -4/28 HPs)
             Began as a Deep Elf Wanderer on Sept 10, 2023.
             Was a Believer of Vehumet.
             Slain by a hound (5 damage)
             ... on level 5 of the Dungeon on Sept 11, 2023.
             The game lasted 00:17:25 (3011 turns).

Esekla the Magician (Deep Elf Wanderer)             Turns: 3011, Time: 00:17:25

Health: -4/28      AC:  4    Str: 11    XL:     5   Next: 55%
Magic:  1/16       EV: 11    Int: 20    God:    Vehumet [**....]
Gold:   206        SH:  4    Dex: 11    Spells: 7/17 levels left

rFire   . . .        a - +1 short sword (freeze)
rCold   . . .        d - +0 buckler
rNeg    . . .        c - +0 robe
rPois   .            k - +0 helmet
rElec   .            (no cloak)
rCorr   .            j - +0 pair of gloves
SInv    .            (no boots)
Will    .....        (no amulet)
Stlth   ++           (no ring)
HPRegen 0.24/turn    (no ring)
MPRegen 0.15/turn

%: no passive effects
@: very slightly contaminated
A: no striking features
a: Renounce Religion


You were on level 5 of the Dungeon.
You worshipped Vehumet.
Vehumet was pleased with you.
You visited 1 branch of the dungeon, and saw 5 of its levels.

You collected 206 gold pieces.

Inventory:

Hand Weapons
 a - a +1 short sword of freezing (weapon)
 r - a +0 spear
 s - the +5 rapier of the Hero {heavy, rN+ Dex+3}
   (You found it on level 3 of the Dungeon)

   Dex:       It affects your dexterity (+3).
   rN:        It protects you from negative energy.
Missiles
 t - 9 poisoned darts (quivered)
Armour
 c - a +0 robe (worn)
 d - a +0 buckler (worn)
 j - a +0 pair of gloves (worn)
 k - a +0 helmet (worn)
Wands
 q - a wand of roots (9)
Scrolls
 g - 3 scrolls of identify {unknown}
 i - a scroll of enchant weapon {unknown}
 m - a scroll of enchant armour {unknown}
 o - 2 scrolls of fog {unknown}
 p - a scroll of blinking {unknown}
 v - a scroll of immolation {unknown}
 w - a scroll of amnesia {unknown}
Potions
 b - a potion of lignification
 e - a potion of ambrosia {unknown}
 f - 2 potions of attraction {unknown}
 h - a potion of heal wounds {unknown}
 l - a potion of mutation {unknown}
 n - 2 potions of brilliance {unknown}
 u - a potion of haste {unknown}


   Skills:
 + Level 2.0 Short Blades
 * Level 2.3 Dodging
 + Level 1.6 Stealth
 + Level 1.6 Shields
 * Level 6.5 Spellcasting
 + Level 0.5 Conjurations
 * Level 2.1 Necromancy
 + Level 2.3 Translocations
 + Level 1.0 Invocations


You had 7 spell levels left.
You knew the following spells:

 Your Spells              Type           Power      Damage    Failure   Level
a - Magic Dart            Conj           32%        1d4       12%         1
b - Blink                 Tloc           32%        N/A       9%          2
d - Vampiric Draining     Necr           14%        2d7       19%         3
p - Apportation           Tloc           32%        N/A       5%          1
t - Teleport Other        Tloc           16%        N/A       16%         3

Your spell library contained the following spells:

 Spells                   Type           Power      Damage    Failure   Level
 Static Discharge         Conj/Air       14%        2-3/arc   21%         2
 Lesser Beckoning         Tloc           32%        N/A       9%          2
 Gell's Gravitas          Tloc           16%        N/A       16%         3
 Ignite Poison            Fire/Tmut/Pois 6%         N/A       41%         3


Dungeon Overview and Level Annotations

Branches:
Dungeon (5/15)
 Temple: D:4-7

Altars:
Hepliaklqana
Okawaru
Qazlal
Trog
Vehumet
Zin

Shops:
D:2 =

Annotations:
D:2 black bear


Message History

Unknown command.
Casting: Vampiric Draining (quite dangerous; 19% risk of failure)
Confirm with . or Enter, or press ? or * to list all spells.
Aiming: Magic Dart (safe; 12% risk of failure)
Press: ? - help, Shift-Dir - straight line, f/p - hound
Aim: a hound (almost dead, 100% to hit)
The magic dart hits the hound.
The hound is almost dead.
The hound bites you but does no damage.
As you read the scroll of fear, it crumbles to dust.
You assume a fearsome visage.
The hound resists with some effort.
The iguana looks frightened!
The hound bites you but does no damage. The hound bites you.
* * * LOW HITPOINT WARNING * * *
You hit the hound but do no damage.
The hound is almost dead.
The hound barely misses you.
You closely miss the hound.
The hound is almost dead.
The hound bites you.
* * * LOW HITPOINT WARNING * * *
You barely miss the hound.
The hound is almost dead.
The hound closely misses you. The hound completely misses you.
You barely miss the hound.
The hound is almost dead.
The hound bites you.
* * * LOW HITPOINT WARNING * * *
Okay, then.
You barely miss the hound.
The hound is almost dead.
The hound closely misses you.
You closely miss the hound.
The hound is almost dead.
You block the hound's attack. The hound bites you.
* * * LOW HITPOINT WARNING * * *
You closely miss the hound.
The hound is almost dead.
The hound bites you.
You die...

### #.. . #!. ..
..# #. #.# ..
#.# ###.####@#
#h.....#h# #.#.#
#...######..
###...........
..>...#.######.#
.. .....##.#
..#.###.##†# ...
#.##.#


You could see a hound.

Vanquished Creatures
  A hound (D:3)
  2 iguanas
  3 gnolls (D:2)
  5 adders
  2 dart slugs
  3 orcs (D:3)
  6 ball pythons
  4 endoplasms
  8 goblins
  4 hobgoblins
  A quokka (D:1)
  4 bats
  4 frilled lizards
  5 kobolds
52 creatures vanquished.

Notes
Turn   | Place    | Note
-------+----------+-------------------------------------------
     0 | D:1      | Esekla the Deep Elf Wanderer began the quest for the Orb.
     0 | D:1      | Esekla set off with the following items: a +0 club, a
                  | potion of lignification, a +0 robe, a +0 buckler; and the
                  | following spells available to memorise: Apportation, Blink,
                  | Lesser Beckoning, Magic Dart, Ignite Poison, Vampiric
                  | Draining.
     0 | D:1      | Reached XP level 1. HP: 10/10 MP: 7/7
     2 | D:1      | Learned a level 1 spell: Magic Dart
     4 | D:1      | Learned a level 1 spell: Apportation
   417 | D:4      | Found a radiant altar of Vehumet.
   428 | D:4      | Found an iron altar of Okawaru.
   436 | D:4      | Found a glowing silver altar of Zin.
   516 | D:4      | Became a worshipper of Vehumet
   658 | D:3      | Reached skill level 1 in Dodging
   709 | D:3      | Reached XP level 2. HP: 15/15 MP: 9/9
   874 | D:2      | Noticed a black bear
   917 | D:1      | Reached skill level 5 in Spellcasting
  1202 | D:1      | Reached * piety under Vehumet
  1202 | D:1      | Offered knowledge of Foxfire by Vehumet.
  1314 | D:1      | Reached XP level 3. HP: 16/18 MP: 6/11
  1321 | D:1      | Learned a level 2 spell: Blink
  1325 | D:1      | Learned a level 3 spell: Vampiric Draining
  1379 | D:1      | Reached skill level 1 in Necromancy
  1394 | D:1      | Learned a level 3 spell: Teleport Other
  1577 | D:2      | Reached skill level 1 in Short Blades
  1680 | D:2      | Found Renulab's Jewellery Shop.
  1790 | D:2      | Reached XP level 4. HP: 18/24 MP: 9/13
  1953 | D:2      | Found a faded altar of an unknown god.
  2247 | D:3      | Identified the +5 rapier of the Hero {heavy, rN+ Dex+3}
  2635 | D:3      | Found a stormy altar of Qazlal.
  2669 | D:3      | Reached skill level 6 in Spellcasting
  2669 | D:3      | Reached XP level 5. HP: 25/28 MP: 1/15
  2777 | D:3      | Found a bloodstained altar of Trog.
  2779 | D:3      | Found a hazy altar of Hepliaklqana.
  2908 | D:5      | Entered Level 5 of the Dungeon
  2950 | D:5      | Reached ** piety under Vehumet
  2982 | D:5      | Offered knowledge of Static Discharge by Vehumet.
  3010 | D:5      | HP: 1/28 [hound (2)]
  3011 | D:5      | Slain by a hound

Illustrated notes

Levels and vault maps discovered:
D:1:      sevenhm_arrival_forest_fort_small_3, layout_rooms,
          chequers_serial_rivers_room_b, minmay_misc_feat_five
D:2:      layout_loops_ring, dreamdust_ecumenical_altar_angels_and_demons,
          serial_shops, shop
D:3:      layout_basic, grunt_temple_overflow_open, minmay_misc_feat_iff
D:4:      layout_basic, nicolae_overflow_quartered_altars, serial_shops,
          nicolae_diamond_shop
D:5:      layout_loops_ring, lemuel_doored_altar, minmay_misc_feat_rows,
          dreamdust_wishing_well

Skill      XL: |  1  2  3  4  5 |
---------------+----------------+-----
Dodging        | 1 2 |  2.3
Spellcasting   | 5 6 |  6.5
Necromancy     | 1 2 |  2.1
Short Blades   | 1 2 |  2.0
Stealth        | |  1.6
Shields        | |  1.6
Conjurations   | |  0.5
Translocations | |  2.3
Invocations    | |  1.0

Action                     |  1- 3 |  4- 6 || total
---------------------------+-------+-------++-------
  Melee: Short sword       |    57 |    73 ||   130
  Throw: Dart              |       |     4 ||     4
   Cast: Apportation       |    27 |    12 ||    39
         Magic Dart        |    54 |    22 ||    76
         Vampiric Draining |     1 |     9 ||    10
    Use: Scroll            |     1 |     1 ||     2
         Potion            |       |     1 ||     1
   Stab: Sleeping          |       |     2 ||     2
 Armour: Robe              |    25 |    16 ||    41
  Dodge: Dodged            |    62 |    42 ||   104
  Block: Buckler           |    10 |    12 ||    22
